 Dungeon Crawl Stone Soup version 0.31-a0-1388-g4b2ba238e7 (webtiles) character file.

Game seed: 15580463599928069290

82 mandarbmax the Changeling (level 4, -6/45 HPs)
             Began as an Oni Shapeshifter on Dec 24, 2023.
             Mangled by a gnoll
             ... wielding a +0 flail
              (12 damage)
             ... on level 3 of the Dungeon.
             The game lasted 00:03:04 (1633 turns).

mandarbmax the Changeling (Oni Shapeshifter)        Turns: 1633, Time: 00:03:05

Health: -6/45      AC:  3    Str: 18 (19) XL:     4   Next: 43%
Magic:  4/4        EV:  7    Int: 14 (15) God:
Gold:   43         SH:  5    Dex:  5 (7)  Spells: 3/3 levels left

rFire   . . .        o - +0 mace
rCold   . . .        e - +0 kite shield
rNeg    . . .        a - +0 animal skin
rPois   .            (helmet unavailable)
rElec   .            (cloak currently unavailable)
rCorr   .            (gloves unavailable)
SInv    .            (boots unavailable)
Will    .....        (no amulet)
Stlth   +            (no ring)
HPRegen 0.27/turn    (no ring)
MPRegen 0.09/turn

%: no passive effects
@: beast-form
A: beast (slay +2), large, unfitting armour, horns 3, tough skin 1, double
potion healing, drunken brawling, clever 1
a: Begin Untransformation


You were on level 3 of the Dungeon.
You were a hulking beast.
You visited 1 branch of the dungeon, and saw 3 of its levels.

You collected 43 gold pieces.

Inventory:

Hand Weapons
 o - a +0 mace (weapon)
Missiles
 p - 2 javelins (quivered)
Armour
 a - a +0 animal skin (worn)
 e - a +0 kite shield (worn)
Magical Staves
 l - a staff of earth
Jewellery
 s - an amulet of reflection
Talismans
 c - a beast talisman
 d - a flux talisman
 t - a maw talisman
Scrolls
 b - a scroll of revelation {unknown}
 f - 3 scrolls of identify {unknown}
 i - 2 scrolls of fog {unknown}
 k - a scroll of vulnerability {unknown}
 m - a scroll of poison {unknown}
 n - a scroll of torment {unknown}
 q - a scroll of blinking {unknown}
 r - a scroll of noise {unknown}
Potions
 j - a potion of lignification


   Skills:
 + Level 3.4 Fighting
 * Level 1.5 Maces & Flails
 - Level 2.0 Dodging
 - Level 2.6 Unarmed Combat
 + Level 3.7 Shapeshifting


You had 3 spell levels left.
You didn't know any spells.
Your spell library contained the following spells:

 Spells                   Type           Power      Damage    Failure   Level
 Leda's Liquefaction      Alch/Erth      0%         N/A       100%        4
 Lee's Rapid Deconstruct  Erth           0%         3d4*      100%        5
 Bombard                  Conj/Erth      0%         9d1       100%        6


Dungeon Overview and Level Annotations

Branches:
Dungeon (3/15)

Altars:

Annotations:
D:3 Natasha


Innate Abilities, Weirdness & Mutations

You are a hulking beast.
Your limbs bulge with bestial killing power. (Slay +2)
You are too large for most types of armour.
You have a pair of large horns on your head.
You have tough skin. (AC +1)
You gain doubled healing and magic from potions.
Whenever you drink a healing potion, you attack all around you.
Your mind is acute. (Int +4, Str/Dex -1)


Message History

Natasha mumbles some strange words.
You block the gnoll's attack. The gnoll barely misses you.
The gnoll hits you from afar with a +0 spear.
The gnoll hits you with a +0 flail!
You closely miss the gnoll. You headbutt the gnoll.
The gnoll is severely wounded.
The gnoll hits you with a +0 flail!
The gnoll hits you from afar with a +0 spear!
You are too injured to fight recklessly!
You are too injured to fight recklessly!
You are too injured to fight recklessly!
You are too injured to fight recklessly!
You are too injured to fight recklessly!
You are too injured to fight recklessly!
You are too injured to fight recklessly!
You are too injured to fight recklessly!
You are too injured to fight recklessly!
You are too injured to fight recklessly!
You are too injured to fight recklessly!
You are too injured to fight recklessly!
You are too injured to fight recklessly!
You are too injured to fight recklessly!
Unknown command.
Okay, then.
It was a potion of mutation.
You feel extremely strange. The horns on your head grow some more.
You feel clever. The horns on your head grow some more.
Natasha growls.
The gnoll barely misses you.
The gnoll hits you from afar with a +0 spear.
It was a potion of cancellation.
You feel magically purged. The gnoll hits you with a +0 flail!
* * * LOW HITPOINT WARNING * * *
You block the gnoll's attack.
It was a potion of degeneration.
There was something very wrong with that liquid.
You feel weakened.
You feel dopey.
You feel clumsy.
A gnoll comes into view. It is wielding a +0 flail.
The gnoll hits you with a +0 flail!
You die...

### g5# #g# #g# #g#
#h# ##.###.#### ###
...........######.##
.##.###.##....†....#
...##.######.##
######.# #..# #.#
##.# #.# #.##### #.#
#<.....


You could see 4 gnolls and a cerulean imp (summoned).

Vanquished Creatures
  3 gnolls (D:2)
  A worm (D:2)
  2 dart slugs
  6 ball pythons
  4 giant cockroaches
  3 goblins
  6 hobgoblins
  4 jackals (D:1)
  3 quokkas
  4 bats
  3 frilled lizards
  A kobold (D:2)
  4 rats
44 creatures vanquished.

Notes
Turn   | Place    | Note
-------+----------+-------------------------------------------
     0 | D:1      | mandarbmax the Oni Shapeshifter began the quest for the
                  | Orb.
     0 | D:1      | Reached XP level 1. HP: 19/19 MP: 1/1
    82 | D:1      | Reached XP level 2. HP: 28/28 MP: 2/2
   505 | D:1      | Reached XP level 3. HP: 32/36 MP: 3/3
  1194 | D:2      | Reached skill level 1 in Maces & Flails
  1194 | D:2      | Reached XP level 4. HP: 33/45 MP: 4/4
  1627 | D:3      | Noticed Natasha
  1631 | D:3      | Gained mutation: You have a pair of horns on your head.
                  | [potion of mutation]
  1631 | D:3      | Gained mutation: Your mind is acute. (Int +4, Str/Dex -1)
                  | [potion of mutation]
  1631 | D:3      | Gained mutation: You have a pair of large horns on your
                  | head. [potion of mutation]
  1633 | D:3      | Mangled by a gnoll

Illustrated notes

Levels and vault maps discovered:
D:1:      lightli_molten_gateway, layout_rooms, roderic_roman_lattice,
          minmay_shallow_snake_nest
D:2:      layout_basic
D:3:      layout_loops_ring, basic_ecumenical_altar, uniq_natasha

Skill      XL: |  1  2  3 |
---------------+----------+-----
Dodging        | 2 |  2.0
Fighting       | 2 3 |  3.4
Maces & Flails | 1 |  1.5
Unarmed Combat | |  2.6
Shapeshifting  | |  3.7

Action                     |  1- 3 |  4- 6 || total
---------------------------+-------+-------++-------
  Melee: Unarmed           |    46 |       ||    46
         Punch             |     1 |       ||     1
         Staff             |    12 |       ||    12
         Headbutt          |     7 |     4 ||    11
         Mace              |    43 |    25 ||    68
    Use: Potion            |     2 |     3 ||     5
   Stab: Sleeping          |     1 |       ||     1
 Armour: Skin              |    28 |       ||    28
         Animal skin       |    80 |    24 ||   104
  Dodge: Dodged            |    57 |    11 ||    68
  Block: Kite shield       |    29 |     7 ||    36

Table legend: (Time is in decaauts)
 A = Elapsed time spent in this place.
 B = Non-inter-level travel time spent in this place.
 C = Inter-level travel time spent in this place.
 D = Time resting spent in this place.
 E = Time spent auto-exploring this place.
 F = Levels seen in this place.
 G = Mean time per level.
                   A        B        C        D        E       F      G
               +--------+--------+--------+--------+--------+-----+--------+
         Total |   1675 |   1583 |     92 |    333 |    882 |   3 |  558.3 |
       Dungeon |   1675 |   1583 |     92 |    333 |    882 |   3 |  558.3 |
               +--------+--------+--------+--------+--------+-----+--------+

Top non-repeatable levels by time:
     D:2: 912 daAuts
     D:1: 712 daAuts
     D:3: 50 daAuts
